 Dungeon Crawl Stone Soup version 0.28-a0-851-g8b9cc49659 (webtiles) character file.

Game seed: 4710851848210312268

91 Crownlay the Conjurer (level 4, -1/33 HPs)
             Began as a Draconian Conjurer on Nov 14, 2021.
             Slain by a steam dragon (9 damage)
             ... on level 3 of the Dungeon.
             The game lasted 00:02:15 (3197 turns).

Crownlay the Conjurer (Draconian Conjurer)          Turns: 3197, Time: 00:02:15

Health: -1/33      AC:  6    Str: 10    XL:     4   Next: 33%
Magic:  1/9        EV: 12    Int: 19    God:
Gold:   70         SH:  0    Dex:  9    Spells: 4/10 levels left

rFire   . . .      SeeInvis .   b - +0 dagger
rCold   . . .      Faith    .   (no shield)
rNeg    . . .      Spirit   .   (armour unavailable)
rPois   .          Reflect  .   (helmet restricted)
rElec   .          Harm     .   (no cloak)
rCorr   .          Rampage  .   e - +0 pair of gloves
Will    .....                   (no boots)
Stlth   ++........              (no amulet)
HPRegen 0.11/turn               (no ring)
MPRegen 0.11/turn               (no ring)

@: no status effects
A: AC +5, unfitting armour, cold-blooded
a: no special abilities


You were on level 3 of the Dungeon.
You visited 1 branch of the dungeon, and saw 3 of its levels.

You collected 100 gold pieces.
You spent 30 gold pieces at shops.

Inventory:

Hand Weapons
 b - a +0 dagger (weapon)
Missiles
 a - 6 atropa-tipped darts
Armour
 e - a +0 pair of gloves (worn)
Wands
 m - a wand of iceblast (8)
Scrolls
 c - 2 scrolls of identify {unknown}
 d - a scroll of holy word {unknown}
 g - a scroll of teleportation {unknown}
 j - a scroll of enchant armour {unknown}
 k - a scroll of enchant weapon {unknown}
 l - 3 scrolls of fear {unknown}
Potions
 f - a potion of haste {unknown}
 h - a potion of heal wounds {unknown}
 i - a potion of curing


   Skills:
 - Level 1.7 Dodging
 - Level 1.7 Stealth
 * Level 3.7 Spellcasting
 + Level 4.6 Conjurations


You had 4 spell levels left.
You knew the following spells:

 Your Spells              Type           Power      Damage    Failure   Level
a - Magic Dart            Conj           84%        1d7       1%          1
b - Searing Ray           Conj           42%        2d6       3%          2
c - Dazzling Flash        Conj/Hex       24%        N/A       16%         3

Your spell library contained the following spells:

 Spells                   Type           Power      Damage    Failure   Level
 Call Imp                 Summ           3%         N/A       22%         2
 Mephitic Cloud           Conj/Pois/Air  9%         N/A       22%         3
 Fulminant Prism          Conj/Hex       6%         3d7       47%         4
 Iskenderun's Mystic Bla  Conj/Tloc      12%        2d5       47%         4


Dungeon Overview and Level Annotations

Branches:
Dungeon (3/15)

Altars:
Elyvilon

Shops:
D:2 !


Innate Abilities, Weirdness & Mutations

Your plain brown scales are hard. (AC +5)
You cannot fit into any form of body armour.
You are cold-blooded and may be slowed by cold attacks.


Message History

You kill the bat!
You can't see any susceptible monsters within range! (Use Z to cast anyway.)
You can't see any susceptible monsters within range! (Use Z to cast anyway.)
You can't see any susceptible monsters within range! (Use Z to cast anyway.)
You see here a bat corpse.
Found an escape hatch in the floor.
A bat comes into view.
A bat is nearby!
A bat is nearby!
The magic dart hits the bat.
The bat is heavily wounded.
A steam dragon comes into view.
The magic dart hits the bat.
You kill the bat!
The steam dragon hisses angrily.
The magic dart hits the steam dragon.
The steam dragon is lightly wounded.
The magic dart hits the steam dragon but does no damage.
The steam dragon is lightly wounded.
Casting: Magic Dart (safe; 1% risk of failure)
Confirm with . or Enter, or press ? or * to list all spells.
You can't see any susceptible monsters within range! (Use Z to cast anyway.)
You see here a bat corpse.
Casting: Magic Dart (safe; 1% risk of failure)
Confirm with . or Enter, or press ? or * to list all spells.
Aiming: Searing Ray (safe; 3% risk of failure)
Press: ? - help, Shift-Dir - straight line, f/p - steam dragon
Aim: a steam dragon (78% to hit)
The searing ray hits the steam dragon.
The steam dragon is lightly wounded. (Press . to maintain the ray.)
The steam dragon breathes steam at you. The ball of steam misses you.
You are engulfed in a cloud of scalding steam.
You are engulfed in a cloud of scalding steam.
You finish channelling your searing ray.
You are engulfed in a cloud of scalding steam.
* * * LOW HITPOINT WARNING * * *
The steam dragon bites you!
You die...

..... ..D# ..#
# #>## ##.
#.## ##.# ##.#
#..# #§# #.##
##D# #..##
##@##
#...###§§#
#.#.(..#§#
#.#.#.........
#.#.####.#####
#.#.# #.#
#.#.####.#
#........#
###.######


You could see a steam dragon (catching breath).

Vanquished Creatures
  2 adders
  A worm (D:2)
  8 ball pythons
  6 endoplasms
  2 giant cockroaches
  9 goblins
  5 hobgoblins
  8 jackals
  8 bats
  3 frilled lizards (D:1)
  8 kobolds
  2 rats (D:1)
62 creatures vanquished.

Notes
Turn   | Place    | Note
-------+----------+-------------------------------------------
     0 | D:1      | Crownlay the Draconian Conjurer began the quest for the
                  | Orb.
     0 | D:1      | Reached XP level 1. HP: 14/14 MP: 3/3
   237 | D:1      | Reached XP level 2. HP: 20/20 MP: 1/5
   457 | D:1      | Learned a level 2 spell: Searing Ray
  1052 | D:1      | Reached XP level 3. HP: 26/26 MP: 4/7
  1421 | D:2      | Found a faded altar of an unknown god.
  1595 | D:2      | Found Wenuff's Distillery.
  1603 | D:2      | Bought a potion of curing for 30 gold pieces
  2400 | D:2      | Reached XP level 4. HP: 33/33 MP: 2/9
  2577 | D:2      | Learned a level 3 spell: Dazzling Flash
  2879 | D:3      | Found a white marble altar of Elyvilon.
  3184 | D:3      | Noticed a steam dragon
  3197 | D:3      | Slain by a steam dragon

Illustrated notes

Levels and vault maps discovered:
D:1:      lightli_arrival_chessboard, layout_basic
D:2:      layout_basic, serial_shops, nicolae_square_shop,
          hellmonk_ecumenical_altar_heavens_door
D:3:      minmay_angry_zag, layout_loops_corners, mainiacjoe_overflow_catwalk

Skill      XL: |  1  2  3 |
---------------+----------+-----
Spellcasting   | 3 |  3.7
Dodging        | |  1.7
Stealth        | |  1.7
Conjurations   | |  4.6

Action                   |  1- 3 |  4- 6 || total
-------------------------+-------+-------++-------
Melee: Unarmed           |     7 |       ||     7
       Dagger            |    15 |       ||    15
       Tailslap          |     1 |       ||     1
 Cast: Magic Dart        |    92 |    25 ||   117
       Searing Ray       |       |     1 ||     1
Armor: Skin              |     9 |       ||     9
Dodge: Dodged            |    30 |     3 ||    33

Table legend: (Time is in decaauts)
 A = Elapsed time spent in this place.
 B = Non-inter-level travel time spent in this place.
 C = Inter-level travel time spent in this place.
 D = Time resting spent in this place.
 E = Time spent auto-exploring this place.
 F = Levels seen in this place.
 G = Mean time per level.
                   A        B        C        D        E       F      G
               +--------+--------+--------+--------+--------+-----+--------+
         Total |   3196 |   3104 |     92 |      0 |   2810 |   3 | 1065.3 |
       Dungeon |   3196 |   3104 |     92 |      0 |   2810 |   3 | 1065.3 |
               +--------+--------+--------+--------+--------+-----+--------+

Top non-repeatable levels by time:
     D:2: 1346 daAuts
     D:1: 1291 daAuts
     D:3: 557 daAuts
